 Dungeon Crawl Stone Soup version 0.31.0-32-g396128a36d (webtiles) character file.

Game seed: 3787202825226005844

65 0gre the Chiller (level 4, 25/32 HPs)
             Began as a Gnoll Ice Elementalist on Apr 8, 2024.
             Quit the game on level 2 of the Dungeon.
             The game lasted 00:03:46 (920 turns).

0gre the Chiller (Gnoll Ice Elementalist)            Turns: 920, Time: 00:03:47

Health: 25/32      AC:  2    Str: 14    XL:     4   Next: 13%
Magic:  7/11       EV: 13    Int: 14    God:
Gold:   27         SH:  0    Dex: 14    Spells: 9/13 levels left

rFire   . . .        a - +0 hand axe
rCold   . . .        (no shield)
rNeg    . . .        i - +0 robe
rPois   .            (no helmet)
rElec   .            (no cloak)
rCorr   .            (no gloves)
SInv    .            (no boots)
Will    .....        (no amulet)
Stlth   +++          h - +6 ring of strength
HPRegen 0.25/turn    (no ring)
MPRegen 0.12/turn

%: no passive effects
@: no status effects
A: fangs 1, strong nose, distributed training
a: no special abilities


You were on level 2 of the Dungeon.
You visited 1 branch of the dungeon, and saw 2 of its levels.

You collected 27 gold pieces.

Inventory:

Hand Weapons
 a - a +0 hand axe (weapon)
 c - a +0 spear
Armour
 i - a +0 robe (worn)
Jewellery
 h - a +6 ring of strength (left hand)
Scrolls
 e - a scroll of amnesia {unknown}
Potions
 b - a potion of magic
 d - a potion of invisibility {unknown}
 f - a potion of curing {unknown}
 g - a potion of attraction {unknown}


   Skills:
 + Level 1.1 Fighting
 + Level 1.1 Short Blades
 + Level 1.1 Long Blades
 + Level 1.1 Axes
 + Level 1.1 Maces & Flails
 + Level 1.1 Polearms
 + Level 1.1 Staves
 + Level 1.1 Ranged Weapons
 + Level 1.1 Throwing
 + Level 1.1 Armour
 + Level 4.6 Dodging
 + Level 4.2 Stealth
 + Level 1.1 Shields
 + Level 1.1 Unarmed Combat
 + Level 5.0 Spellcasting
 + Level 0.8 Conjurations
 + Level 0.8 Hexes
 + Level 0.8 Summonings
 + Level 0.8 Necromancy
 + Level 0.8 Translocations
 + Level 0.8 Fire Magic
 + Level 7.1 Ice Magic
 + Level 0.8 Air Magic
 + Level 0.8 Earth Magic
 + Level 0.8 Alchemy
 + Level 1.2 Invocations
 + Level 1.1 Evocations
 + Level 1.0 Shapeshifting


You had 9 spell levels left.
You knew the following spells:

 Your Spells              Type           Power      Damage    Failure   Level
a - Freeze                Ice            92%        1d9       1%          1
b - Frozen Ramparts       Ice            46%        1d7       2%          3

Your spell library contained the following spells:

 Spells                   Type           Power      Damage    Failure   Level
 Ozocubu's Armour         Ice            23%        N/A       2%          3
 Summon Ice Beast         Ice/Summ       14%        N/A       10%         3


Dungeon Overview and Level Annotations

Branches:
Dungeon (2/15)

Altars:


Innate Abilities, Weirdness & Mutations

You have very sharp teeth.
Your uncanny sense of smell can sniff out nearby items.
Your experience applies equally to all skills.


Message History

The gnoll hits you from afar with a +0 spear.
A gnoll comes into view. It is wielding a +0 spear.
Found 3 poisoned darts.
The gnoll hits you with a +0 spear! The gnoll completely misses you.
The quokka twitches its whiskers.
You enter a teleport trap!
The teleport trap disappears.
Your surroundings suddenly seem different.
A kobold comes into view. It is wielding a +0 club.
Found 11 gold pieces.
Found an escape hatch in the ceiling.
a - a +0 hand axe (weapon)
You barely miss the kobold. You punch the kobold, but do no damage.
The kobold barely misses you. The kobold hits you with a +0 club.
You barely miss the kobold. The kobold hits you but does no damage.
You hit the kobold.
You kill the kobold!
You start resting.
An adder comes into view.
Found 6 gold pieces.
You start resting.
Magic restored.
You start resting.
An adder is nearby!
The adder hisses angrily.
Casting: Frozen Ramparts (dangerous; 2% risk of failure)
Confirm with . or Enter, or press ? or * to list all spells.
Casting: Frozen Ramparts (dangerous; 2% risk of failure)
Press: ? - help, Dir - look around, f - activate The walls around you are covered in ice.
The wall freezes the adder.
The adder seems to slow down.
You miss the adder.
The adder is lightly wounded.
The adder is no longer moving slowly.
The wall freezes the adder.
The adder bites you.
You hit the adder.
You kill the adder!
Your Shapeshifting skill increases to level 1!
You have reached level 4!
You feel stronger.
The frozen ramparts melt away as you move.
Are you sure you want to abandon this character and quit the game? (Confirm with "yes".)

#........
∆##.......
.#.......# .
.........######..
.#....)..........
.................
.##....†#..##..#
.....##.##.# .
###.....@#.##$...
##.##...........
# #...........
....#.........
#...##.........
#.#. #........#
#.... #.........
..... #.......#.
.. .........


There were no monsters in sight!

Vanquished Creatures
  3 gnolls (D:2)
  An adder (D:2)
  3 endoplasms (D:1)
  4 giant cockroaches
  2 goblins
  3 hobgoblins (D:1)
  A quokka (D:1)
  4 ball pythons (D:1)
  3 bats (D:1)
  A frilled lizard (D:1)
  A kobold (D:2)
  3 rats (D:1)
29 creatures vanquished.

Notes
Turn   | Place    | Note
-------+----------+-------------------------------------------
     0 | D:1      | 0gre the Gnoll Ice Elementalist began the quest for the
                  | Orb.
     0 | D:1      | Reached XP level 1. HP: 13/13 MP: 6/6
   283 | D:1      | Reached XP level 2. HP: 14/19 MP: 7/7
   659 | D:1      | Found a faded altar of an unknown god.
   805 | D:1      | Reached skill level 5 in Spellcasting
   805 | D:1      | Reached XP level 3. HP: 25/25 MP: 7/9
   827 | D:1      | Learned a level 3 spell: Frozen Ramparts
   866 | D:2      | Reached skill level 1 in Invocations
   867 | D:2      | Reached skill level 1 in Fighting
   867 | D:2      | Reached skill level 1 in Short Blades
   867 | D:2      | Reached skill level 1 in Long Blades
   867 | D:2      | Reached skill level 1 in Axes
   867 | D:2      | Reached skill level 1 in Maces & Flails
   867 | D:2      | Reached skill level 1 in Polearms
   867 | D:2      | Reached skill level 1 in Staves
   867 | D:2      | Reached skill level 1 in Ranged Weapons
   867 | D:2      | Reached skill level 1 in Throwing
   867 | D:2      | Reached skill level 1 in Armour
   867 | D:2      | Reached skill level 1 in Shields
   867 | D:2      | Reached skill level 1 in Unarmed Combat
   867 | D:2      | Reached skill level 1 in Evocations
   919 | D:2      | Reached skill level 1 in Shapeshifting
   919 | D:2      | Reached XP level 4. HP: 25/32 MP: 7/11
   920 | D:2      | Quit the game

Illustrated notes

Levels and vault maps discovered:
D:1:      eino_arrival_cavern_a, layout_loops_cross, basic_ecumenical_altar,
          grunt_decor_cap
D:2:      layout_rooms

Skill      XL: |  1  2  3 |
---------------+----------+-----
Spellcasting   | 5 |  5.0
Invocations    | 1 |  1.2
Fighting       | 1 |  1.1
Short Blades   | 1 |  1.1
Long Blades    | 1 |  1.1
Axes           | 1 |  1.1
Maces & Flails | 1 |  1.1
Polearms       | 1 |  1.1
Staves         | 1 |  1.1
Ranged Weapons | 1 |  1.1
Throwing       | 1 |  1.1
Armour         | 1 |  1.1
Shields        | 1 |  1.1
Unarmed Combat | 1 |  1.1
Evocations     | 1 |  1.1
Shapeshifting  | 1 |  1.0
Dodging        | |  4.6
Stealth        | |  4.2
Conjurations   | |  0.8
Hexes          | |  0.8
Summonings     | |  0.8
Necromancy     | |  0.8
Translocations | |  0.8
Fire Magic     | |  0.8
Ice Magic      | |  7.1
Air Magic      | |  0.8
Earth Magic    | |  0.8
Alchemy        | |  0.8

Action                     |  1- 3 |  4- 6 || total
---------------------------+-------+-------++-------
  Melee: Hand axe          |    68 |       ||    68
         Bite              |     3 |       ||     3
         Punch             |     2 |       ||     2
   Cast: Freeze            |     4 |       ||     4
         Frozen Ramparts   |     2 |       ||     2
   Stab: Sleeping          |     4 |       ||     4
 Armour: Robe              |    33 |       ||    33
  Dodge: Dodged            |    51 |       ||    51
